 Dungeon Crawl Stone Soup version 0.30-b1-2-g02819fbbbe (webtiles) character file.

Game seed: 4263038319088488790

88 prikolics the Grasshopper (level 4, -5/40 HPs)
             Began as a Naga Warper on Aug 8, 2023.
             Slain by a gnoll
             ... wielding a +0 halberd
             ... led by a gnoll bouda
              (11 damage)
             ... on level 5 of the Dungeon.
             The game lasted 00:13:46 (2489 turns).

prikolics the Grasshopper (Naga Warper)             Turns: 2489, Time: 00:13:47

Health: -5/40      AC:  3    Str: 14    XL:     4   Next: 53%
Magic:  7/7        EV:  9    Int: 15    God:
Gold:   124        SH:  0    Dex: 10    Spells: 5/7 levels left

rFire   . . .        l - +0 trident
rCold   . . .        (no shield)
rNeg    . . .        b - +0 leather armour
rPois   +            (no helmet)
rElec   .            (no cloak)
rCorr   .            (no gloves)
SInv    +            (no barding)
Will    .....        (no amulet)
Stlth   +            w - ring of wizardry
HPRegen 0.26/turn    (no ring)
MPRegen 0.10/turn

%: wizardry (x1)
@: weakened, very slow
A: AC +1, large, see invisible, deformed body, poison resistance, slowness 2,
spit poison 1, naga tail 1
a: Spit Poison


You were on level 5 of the Dungeon.
You visited 1 branch of the dungeon, and saw 4 of its levels.

You collected 223 gold pieces.
You spent 99 gold pieces at shops.

Inventory:

Hand Weapons
 a - a +0 spear
 l - a +0 trident (weapon)
Missiles
 d - 7 boomerangs of dispersal (quivered)
 h - 7 poisoned darts
 s - 7 stones
Armour
 b - a +0 leather armour (worn)
Jewellery
 w - a ring of wizardry (left hand)
Scrolls
 c - a scroll of blinking
 e - 3 scrolls of teleportation {unknown}
 g - 3 scrolls of identify {unknown}
 j - a scroll of enchant armour {unknown}
 m - a scroll of poison {unknown}
 n - a scroll of immolation {unknown}
 r - a scroll of fog {unknown}
 v - a scroll of vulnerability {unknown}
 x - a scroll of butterflies {unknown}
Potions
 f - 2 potions of attraction {unknown}
 i - a potion of haste {unknown}
 k - 2 potions of curing
 o - a potion of brilliance {unknown}
 p - a potion of flight {unknown}
 q - a potion of ambrosia {unknown}
 u - a potion of degeneration


   Skills:
 + Level 2.7 Fighting
 + Level 2.7 Polearms
 + Level 0.8 Throwing
 + Level 1.5 Armour
 + Level 2.1 Dodging
 + Level 0.4 Stealth
 + Level 2.2 Spellcasting
 + Level 3.3 Translocations


You had 5 spell levels left.
You knew the following spells:

 Your Spells              Type           Power      Damage    Failure   Level
a - Blink                 Tloc           22%        N/A       4%          2

Your spell library contained the following spells:

 Spells                   Type           Power      Damage    Failure   Level
 Lesser Beckoning         Tloc           22%        N/A       4%          2
 Teleport Other           Tloc           11%        N/A       9%          3
 Vhi's Electric Charge    Tloc/Air       12%        N/A       16%         3
 Manifold Assault         Tloc           11%        N/A       26%         4
 Stone Arrow              Conj/Erth      2%         3d7       32%         3
 Animate Armour           Summ/Erth      2%         N/A       69%         4
 Lehudib's Crystal Spear  Conj/Erth      0%         10d2      100%        8


Dungeon Overview and Level Annotations

Branches:
Dungeon (3/15)

Altars:
Sif Muna

Shops:
D:3 ![


Innate Abilities, Weirdness & Mutations

Your serpentine skin is tough. (AC +1)
You have supernaturally acute eyesight. (SInv)
Armour fits poorly on your strangely shaped body.
Your system is resistant to poisons. (rPois)
You cover ground very slowly.
You can spit poison.
You have a snake-like lower body.


Message History

Aim: a gnoll, wielding a +0 halberd (heavily wounded, covering ground quickly, poisoned, about 40% to evade your +0 trident)
You reach to attack!
You barely miss the gnoll.
The gnoll is heavily wounded.
Okay, then.
Your attacks no longer feel as feeble.
The gnoll bouda calls upon its god to heal the gnoll.
The gnoll is healed somewhat.
The gnoll hits you from afar with a +0 halberd!
Okay, then.
You have got your breath back.
Aiming: Spit Poison (1% risk of failure)
Press: ? - help, Shift-Dir - straight line, f - gnoll bouda
Aim: a gnoll bouda, wielding a +0 whip and wearing a +0 leather armour (65% to hit)
The splash of poison hits the gnoll bouda.
The gnoll bouda is poisoned.
The gnoll bouda is lightly wounded.
The gnoll hits you from afar with a +0 halberd.
The gnoll bouda attacks as you move away!
The gnoll bouda barely misses you.
The gnoll bouda barks out a call to the hunt!
The gnoll picks up the pace!
The gnoll misses you.
The gnoll bouda gazes fiercely through you!
You feel your attacks grow feeble.
You barely miss the gnoll bouda.
The gnoll bouda is lightly wounded.
You have got your breath back.
The gnoll is no longer moving quickly.
The gnoll barely misses you.
The gnoll bouda hits you but does no damage.
The gnoll hits you from afar with a +0 spear!
* * * LOW HITPOINT WARNING * * *
The gnoll closely misses you.
You hit the gnoll bouda.
The gnoll bouda is moderately wounded.
The gnoll bouda barks out a call to the hunt!
The gnolls pick up the pace!
The gnoll hits you from afar with a +0 spear.
* * * LOW HITPOINT WARNING * * *
The gnoll hits you from afar with a +0 halberd!
You die...

#....######............#
#....##.##............##
#...#..#.............#
##...................##
##....................#
#...........#........##
#.....#......###......##
....#####...gg##....###
..# ##.#gggg@....###### #
#
#gg########.[.....#######
#[g# #######........ #gg#
######... #.## ##.. ##g#
#... #..# ##... #..#
#.... #.## ##....


You could see a gnoll bouda (poisoned) and 5 gnolls.

Vanquished Creatures
  3 gnolls (D:5)
  An adder (D:2)
  An ufetubus (D:5)
  A worm (D:2)
  A dart slug (D:2)
  An orc (D:3)
  4 ball pythons
  3 endoplasms
  2 giant cockroaches
  3 goblins
  3 hobgoblins
  2 kobolds
  7 bats
  3 frilled lizards
  3 rats (D:2)
38 creatures vanquished.

Notes
Turn   | Place    | Note
-------+----------+-------------------------------------------
     0 | D:1      | prikolics the Naga Warper began the quest for the Orb.
     0 | D:1      | Reached XP level 1. HP: 19/19 MP: 3/3
    88 | D:1      | Reached skill level 1 in Armour
   382 | D:1      | Reached XP level 2. HP: 25/26 MP: 5/5
  1003 | D:2      | Found a faded altar of an unknown god.
  1078 | D:2      | Reached XP level 3. HP: 11/33 MP: 6/6
  1643 | D:3      | Found Did Adda's Armour Emporium.
  1734 | D:3      | Found Zuuburghe's Distillery.
  1756 | D:3      | Bought a potion of heal wounds for 55 gold pieces
  1756 | D:3      | Bought a potion of degeneration for 11 gold pieces
  1756 | D:3      | Bought a potion of curing for 33 gold pieces
  1828 | D:3      | Learned a level 2 spell: Blink
  1865 | D:3      | Found a shimmering blue altar of Sif Muna.
  2071 | D:3      | You fall into a shaft and drop 2 floors!
  2071 | D:5      | Entered Level 5 of the Dungeon
  2174 | D:5      | Reached XP level 4. HP: 40/40 MP: 7/7
  2489 | D:5      | Slain by a gnoll

Illustrated notes

Levels and vault maps discovered:
D:1:      heliophobic_arrival_henge, layout_basic, hangedman_decor_push
D:2:      layout_loops_ring, chequers_ecumenical_altar_twisty
D:3:      layout_basic, led_sif_book, serial_shops, shop,
          nicolae_shop_statue_plus, shop
D:5:      layout_cave_pods

Skill      XL: |  1  2  3 |
---------------+----------+-----
Armour         | 1 |  1.5
Dodging        | 2 |  2.1
Fighting       | |  2.7
Polearms       | |  2.7
Throwing       | |  0.8
Stealth        | |  0.4
Spellcasting   | |  2.2
Translocations | |  3.3

Action                     |  1- 3 |  4- 6 || total
---------------------------+-------+-------++-------
  Melee: Spear             |    57 |       ||    57
         Trident           |    66 |    22 ||    88
Ability: Spit Poison       |    16 |     7 ||    23
    Use: Potion            |     1 |     2 ||     3
 Armour: Leather armour    |    32 |     4 ||    36
  Dodge: Dodged            |    76 |    18 ||    94
